 Dungeon Crawl Stone Soup version 0.29-a0-1027-gcd8c55af63 (webtiles) character file.

Game seed: 3440617359333805878

6006 PentaManta the Grappler (level 10, -2/77 HPs)
             Began as a Ghoul Monk on Aug 13, 2022.
             Was a Priest of Wu Jian.
             Slain by a two-headed ogre
             ... wielding a +0 giant club
              (22 damage)
             ... on level 8 of the Dungeon.
             The game lasted 00:20:18 (10575 turns).

PentaManta the Grappler (Ghoul Monk)               Turns: 10575, Time: 00:20:19

Health: -2/77      AC:  9    Str: 20    XL:     10   Next: 85%
Magic:  9/9        EV: 10    Int:  5    God:    Wu Jian [***...]
Gold:   293        SH:  0    Dex: 11    Spells: 9/9 levels left

rFire   . . .      SeeInvis .     - Unarmed
rCold   + + .      Faith    .   (no shield)
rNeg    + + +      Spirit   .   i - +0 scale mail
rPois   ∞          Reflect  .   (no helmet)
rElec   .          Harm     .   (no cloak)
rCorr   .          Rampage  .   (no gloves)
Will    .....                   (no boots)
Stlth   ..........              (no amulet)
HPRegen 0.00/turn               n - ring of protection from cold
MPRegen 0.11/turn               (no ring)

@: inhibited regen
A: claws 1, cold resistance 1, negative energy resistance 3, inhibited
regeneration, torment resistance 2, devour on kill
a: Renounce Religion, Wall Jump, Serpent's Lash


You were on level 8 of the Dungeon.
You worshipped Wu Jian.
Wu Jian was most pleased with you.
You visited 2 branches of the dungeon, and saw 9 of its levels.
You also visited: Sewer.

You collected 329 gold pieces.
You spent 36 gold pieces at shops.

Inventory:

Missiles
 A - a curare-tipped dart
Armour
 h - a +0 pair of gloves
 i - a +0 scale mail (worn)
Jewellery
 n - a ring of protection from cold (left claw)
 y - a +6 ring of intelligence
Wands
 v - a wand of paralysis (7) (quivered)
 x - a wand of flame (54)
Scrolls
 a - a scroll of enchant armour {unknown}
 e - a scroll of silence {unknown}
 f - a scroll of fear {unknown}
 g - 5 scrolls of amnesia
 j - a scroll of summoning {unknown}
 m - a scroll of enchant weapon {unknown}
 p - 3 scrolls of teleportation
 q - 2 scrolls of immolation
 s - 2 scrolls of butterflies
 u - a scroll of magic mapping {unknown}
 w - a scroll of blinking {unknown}
 z - a scroll of acquirement {unknown}
Potions
 b - a potion of ambrosia
 c - 4 potions of curing
 d - 4 potions of heal wounds
 k - 3 potions of attraction
 l - a potion of might {unknown}
 o - 3 potions of haste {unknown}
 r - a potion of invisibility
 t - a potion of resistance {unknown}


   Skills:
 - Level 3.2 Fighting
 + Level 11.0 Armour
 - Level 2.6 Dodging
 - Level 2.1 Stealth
 - Level 12.0 Unarmed Combat


You had 9 spell levels left.
You didn't know any spells.
Your spell library contained the following spells:

 Spells                   Type           Power      Damage    Failure   Level
 Magic Dart               Conj           0%         1d3       77%         1
 Call Imp                 Summ           0%         N/A       88%         2
 Ensorcelled Hibernation  Hex/Ice        0%         N/A       88%         2
 Static Discharge         Conj/Air       0%         3-3/arc   88%         2
 Dazzling Flash           Conj/Hex       0%         N/A       98%         3
 Gell's Gravitas          Tloc           0%         N/A       98%         3
 Mephitic Cloud           Conj/Pois/Air  0%         N/A       98%         3
 Portal Projectile        Hex/Tloc       0%         N/A       98%         3
 Summon Guardian Golem    Hex/Summ       0%         N/A       98%         3
 Teleport Other           Tloc           0%         N/A       98%         3
 Tukima's Dance           Hex            0%         N/A       98%         3
 Anguish                  Hex/Necr       0%         N/A       100%        4
 Dispel Undead            Necr           0%         3d6       100%        4
 Iskenderun's Mystic Bla  Conj/Tloc      0%         2d3       100%        4
 Sticky Flame             Conj/Fire      0%         2d3       100%        4
 Dispersal                Tloc           0%         N/A       100%        6
 Starburst                Conj/Fire      0%         6d3       100%        6
 Orb of Destruction       Conj           0%         9d5       100%        7
 Spellforged Servitor     Conj/Summ      0%         N/A       100%        7
 Spider Form              Tmut/Pois      Unusable   N/A       N/A         3
 Blade Hands              Tmut           Unusable   N/A       N/A         5

Dungeon Overview and Level Annotations

Branches:
Dungeon (8/15)             Temple (1/1) D:6           Sewer (visited)
   Lair: D:8-11

Altars:
Ashenzari
Cheibriados
Dithmenos
Fedhas
Hepliaklqana
Makhleb
Okawaru
Qazlal
Ru
Sif Muna
Uskayaw
Vehumet
Wu Jian
Xom
Yredelemnul

Shops:
D:1 !   D:7 (

Annotations:
D:3 1 exclusion


Innate Abilities, Weirdness & Mutations

You are immune to poison.
You have sharp fingernails.
Your flesh is cold resistant. (rC+)
You are immune to negative energy. (rN+++)
You do not regenerate when monsters are visible.
You are immune to unholy pain and torment.
You thrive by killing the living.


Message History

You claw the cyclops!
You kill the cyclops!
The Council accepts your kill.
Your Armour skill increases to level 11!
Things that are here:
4 large rocks; a cyclops corpse
Things that are here:
a +3 short sword of speed; an orc corpse You start resting.
A two-headed ogre comes into view.
It is wielding a +0 giant club and a +0 giant spiked club.
The two-headed ogre shouts in stereo!
Aiming: Paralyse
Press: ? - help, Q - select action, (/) - cycle Shift-Dir - straight line, f - two-headed ogre
Aim: a two-headed ogre, wielding a +0 giant club and a +0 giant spiked club (chance to affect: 31%)
The two-headed ogre easily resists.
Aiming: Paralyse
Press: ? - help, Q - select action, (/) - cycle Shift-Dir - straight line, f/p - two-headed ogre
Aim: a two-headed ogre, wielding a +0 giant club and a +0 giant spiked club (chance to affect: 31%)
The two-headed ogre easily resists.
The two-headed ogre closely misses you.
The two-headed ogre hits you with a +0 giant spiked club!!
Aiming: Paralyse
Press: ? - help, Q - select action, (/) - cycle Shift-Dir - straight line, f/p - two-headed ogre
Aim: a two-headed ogre, wielding a +0 giant club and a +0 giant spiked club (chance to affect: 31%)
The two-headed ogre easily resists.
The two-headed ogre hits you but does no damage.
The two-headed ogre hits you with a +0 giant spiked club!!
* * * LOW HITPOINT WARNING * * *
Aiming: Paralyse
Press: ? - help, Q - select action, (/) - cycle Shift-Dir - straight line, f/p - two-headed ogre
Aim: a two-headed ogre, wielding a +0 giant club and a +0 giant spiked club (chance to affect: 31%)
The two-headed ogre easily resists.
Unknown command.
Aiming: Paralyse
Press: ? - help, Q - select action, (/) - cycle Shift-Dir - straight line, f/p - two-headed ogre
Aim: a two-headed ogre, wielding a +0 giant club and a +0 giant spiked club (chance to affect: 31%)
The two-headed ogre easily resists.
The two-headed ogre barely misses you.
The two-headed ogre hits you with a +0 giant spiked club!!
You die...

###.#.#............#.'.........
....##...#######.###.#.........
#####...## #.# #.##..########
#.#.# #.# #..#...# #.... #.#.#
#.# #..#...###....
#.#.########.###..##...##..##
#####.#.#..........#...#....#..#
........#.######.###...##......#
#####.###.# #@# #....###....##
#.# #.# #O# #......####..# #.#
#.# #.###.........##'# #.###.#
#...#............# #####.....#
#.#.).....(....... (..<...####
#.######.......).. ######.#
####.# ####....... #.# #...=#
###..... #.# #.#### ##....


You could see a two-headed ogre.

Vanquished Creatures
  2 two-headed ogres (D:7)
  A cyclops (D:8)
  Eustachio (D:5)
  2 yaks (D:8)
  A steam dragon (D:8)
  6 water moccasins
  An orc warrior (D:8)
  3 black bears
  A sky beast (D:4)
  A hornet zombie (D:7)
  An ogre (D:7)
  5 centaurs
  2 phantoms
  4 kobold brigands
  2 bullfrogs
  A gnoll sergeant (D:8)
  4 necrophages
  A wyvern zombie (D:7)
  2 scorpions
  4 wights (D:8)
  2 killer bees (D:8)
  A howler monkey (D:8)
  2 centaur zombies (D:7)
  A gnoll bouda (D:8)
  4 hounds
  3 bullfrog zombies (D:7)
  3 jellies
  2 orc priests (D:6)
  A human zombie (D:7)
  An iguana (D:4)
  2 killer bee zombies (D:7)
  A mummy (D:7)
  6 gnolls
  9 adders
  A shadow imp (D:7)
  3 white imps
  5 worms
  3 dart slugs
  24 orcs
  9 ball pythons
  4 bats
  10 endoplasms
  12 giant cockroaches
  12 goblins
  3 hobgoblins
  13 quokkas
  A frilled lizard (D:1)
  15 kobolds
  5 rats
203 creatures vanquished.

Vanquished Creatures (others)
  2 kobolds (D:8)
  A bush (D:5)
  A fungus (D:4)
  A plant (D:4)
5 creatures vanquished.

Grand Total: 208 creatures vanquished

Notes
Turn   | Place    | Note
-------+----------+-------------------------------------------
     0 | D:1      | PentaManta the Ghoul Monk began the quest for the Orb.
     0 | D:1      | Reached XP level 1. HP: 19/19 MP: 0/0
   375 | D:1      | Reached XP level 2. HP: 26/26 MP: 1/1
   377 | D:1      | Found a faded altar of an unknown god.
   392 | D:1      | Reached skill level 4 in Unarmed Combat
  1006 | D:1      | Reached XP level 3. HP: 31/31 MP: 2/2
  1011 | D:1      | Found Hake Xiro's Distillery.
  1023 | D:1      | Bought a potion of curing for 36 gold pieces
  1246 | D:2      | Found a broken altar of Ashenzari.
  1362 | D:2      | Reached skill level 5 in Unarmed Combat
  1545 | D:2      | Identified the +0 leather armour of Weightlessness {Int+4}
  1556 | D:2      | Reached XP level 4. HP: 38/38 MP: 3/3
  2709 | D:3      | Reached skill level 6 in Unarmed Combat
  3012 | D:4      | Reached XP level 5. HP: 42/45 MP: 4/4
  3164 | D:4      | Found a stormy altar of Qazlal.
  3232 | D:4      | Found a blossoming altar of Fedhas.
  3303 | D:4      | Noticed a sky beast
  3320 | D:4      | Killed a sky beast
  3321 | D:4      | Reached skill level 7 in Unarmed Combat
  3321 | D:4      | Reached XP level 6. HP: 19/51 MP: 5/5
  4095 | D:5      | Entered Level 5 of the Dungeon
  4117 | D:5      | Reached skill level 8 in Unarmed Combat
  4189 | D:5      | Reached XP level 7. HP: 27/57 MP: 6/6
  4540 | D:5      | Found a glowing drain.
  4555 | Sewer    | Entered a sewer
  4597 | Sewer    | Reached skill level 9 in Unarmed Combat
  5001 | D:5      | Noticed Eustachio
  5008 | D:5      | Killed Eustachio
  5009 | D:5      | Reached skill level 10 in Unarmed Combat
  5009 | D:5      | Reached XP level 8. HP: 59/63 MP: 7/7
  5876 | D:5      | Found a burning altar of Makhleb.
  6014 | D:6      | Reached skill level 11 in Unarmed Combat
  6346 | D:6      | Found a staircase to the Ecumenical Temple.
  6357 | Temple   | Entered the Ecumenical Temple
  6630 | Temple   | Became a worshipper of the Wu Jian Council
  6630 | Temple   | Reached * piety under Wu Jian
  6630 | Temple   | Reached ** piety under Wu Jian
  6794 | D:6      | Reached skill level 12 in Unarmed Combat
  6794 | D:6      | Reached skill level 1 in Armour
  7286 | D:7      | Reached XP level 9. HP: 45/70 MP: 8/8
  7451 | D:7      | Found a basalt altar of Yredelemnul.
  7740 | D:7      | Reached skill level 5 in Armour
  7791 | D:7      | Noticed a two-headed ogre
  7791 | D:7      | Noticed a two-headed ogre
  7833 | D:7      | HP: 1/70 [spriggan/+0 rapier (13)]
  8235 | D:7      | Found Lenoef's Antique Weapon Boutique.
  8416 | D:7      | Found the +12 pair of quick blades "Gyre" and "Gimble"
                  | {protect}
  8611 | D:7      | Killed a two-headed ogre
  8618 | D:7      | Killed a two-headed ogre
  8619 | D:7      | Reached XP level 10. HP: 77/77 MP: 9/9
  9830 | D:8      | Reached *** piety under Wu Jian
  9863 | D:8      | Reached skill level 10 in Armour
  9868 | D:8      | Noticed a two-headed ogre
 10475 | D:8      | Noticed a cyclops
 10486 | D:8      | Killed a cyclops
 10569 | D:8      | Noticed a two-headed ogre
 10575 | D:8      | Slain by a two-headed ogre

Illustrated notes

Levels and vault maps discovered:
D:1:      psy_arrival_radial02, layout_basic,
          ebering_ecumenical_altar_sacrificial, serial_shops, shop
D:2:      layout_basic, basic_altar, minmay_3d_cube
D:3:      layout_loops_ring, mainiacjoe_overflow_cross_hatched, serial_rivers,
          chequers_serial_rivers_micro_c, chequers_serial_rivers_large_a,
          chequers_serial_rivers_micro_e, chequers_serial_rivers_micro_d,
          chequers_serial_rivers_micro_e, chequers_serial_rivers_room_b,
          minmay_misc_feat_iff, serial_park_tiny_pond
D:4:      layout_basic, grunt_temple_overflow_forces_of_nature,
          general_overflow_altar
D:5:      layout_loops_ring, makhleb_blood_cavern_becter, gup_sewer_entry_pipe,
          kb_lookout_dungeons_type, uniq_eustachio
D:6:      layout_loops_ring, minmay_temple_entry_proselytizer
D:7:      layout_basic, lemuel_mausoleum_altar_yredelemnul, serial_shops,
          nicolae_stop_n_shop_2, hellmonk_guarded_unrand_gyre_and_gimble
D:8:      minmay_quarter_circles, layout_loops_ring
Temple:   grunt_temple_mini_profane

Skill      XL: |  1  2  3  4  5  6  7  8  9 10 |
---------------+-------------------------------+-----
Unarmed Combat | 4 5 6 7 8 10 12 | 12.0
Armour         | 2 8 11 | 11.0
Fighting       | |  3.2
Dodging        | |  2.6
Stealth        | |  2.1

Action                   |  1- 3 |  4- 6 |  7- 9 | 10-12 || total
-------------------------+-------+-------+-------+-------++-------
Melee: Unarmed           |   131 |   144 |   332 |   171 ||   778
       Punch             |     1 |     7 |    11 |    12 ||    31
Invok: Lunge             |       |       |     3 |    11 ||    14
 Abil: Wall Jump         |       |       |     1 |       ||     1
Evoke: Wand              |       |       |     6 |     5 ||    11
  Use: Scroll            |       |     5 |     2 |       ||     7
       Potion            |       |       |    10 |       ||    10
 Stab: Sleeping          |       |     1 |       |       ||     1
       Invisible         |       |       |     3 |       ||     3
       Paralysed         |       |       |     9 |       ||     9
Armor: Robe              |     7 |       |       |       ||     7
       Ring mail         |    32 |    32 |    50 |       ||   114
       Scale mail        |       |       |    21 |    60 ||    81
Dodge: Dodged            |    68 |    54 |   134 |    64 ||   320

Table legend: (Time is in decaauts)
 A = Elapsed time spent in this place.
 B = Non-inter-level travel time spent in this place.
 C = Inter-level travel time spent in this place.
 D = Time resting spent in this place.
 E = Time spent auto-exploring this place.
 F = Levels seen in this place.
 G = Mean time per level.
                   A        B        C        D        E       F      G
               +--------+--------+--------+--------+--------+-----+--------+
         Total |  10539 |  10245 |    294 |   2136 |   5953 |  10 | 1053.9 |
       Dungeon |   9826 |   9559 |    267 |   2136 |   5704 |   8 | 1228.2 |
        Temple |    308 |    281 |     27 |      0 |    249 |   1 |  308.0 |
         Sewer |    404 |    404 |      0 |      0 |      0 |   1 |  404.0 |
               +--------+--------+--------+--------+--------+-----+--------+

Top non-repeatable levels by time:
     D:7: 2155 daAuts
     D:5: 1542 daAuts
     D:8: 1290 daAuts
     D:4: 1095 daAuts
     D:1: 1085 daAuts
     D:2: 1013 daAuts
     D:3: 885 daAuts
     D:6: 757 daAuts
   Sewer: 404 daAuts
  Temple: 308 daAuts
